 Dungeon Crawl Stone Soup version 0.25.1-4-g9407a263a5 (webtiles) character file.

Game seed: 16819678763907712683

465 Erymatos the Chopper (level 6, -3/85 HPs)
             Began as a Minotaur Berserker on Nov 25, 2020.
             Was a Priest of Trog.
             Slain by a gnoll
             ... wielding a +0 halberd
              (8 damage)
             ... on level 3 of the Dungeon.
             The game lasted 00:03:26 (3058 turns).

Erymatos the Chopper (Minotaur Berserker)           Turns: 3058, Time: 00:03:27

Health: -3/85      AC:  7    Str: 23    XL:     6   Next: 80%
Magic:  5/5        EV: 12    Int:  4    God:    Trog [***...]
Gold:   210        SH:  0    Dex: 10    Spells: 5/5 levels left

rFire    . . .     SeeInvis .   a - +0 hand axe
rCold    . . .     Gourm    .   (no shield)
rNeg     . . .     Faith    .   n - +0 ring mail
rPois    .         Spirit   .   (helmet restricted)
rElec    .         Reflect  .   p - +1 cloak {MR+}
rCorr    .         Harm     .   (no gloves)
MR       +....                  (no boots)
Stlth    ..........             (no amulet)
HPRegen  0.24/turn              (no ring)
MPRegen  0.09/turn              (no ring)

@: berserking, lethally poisoned (-3 -> -13), very quick
A: retaliatory headbutt, horns 2
a: Berserk, Trog's Hand, Renounce Religion


You were on level 3 of the Dungeon.
You worshipped Trog.
Trog was most pleased with you.
You were very hungry.

You visited 1 branch of the dungeon, and saw 3 of its levels.

You collected 210 gold pieces.

Inventory:

Hand Weapons
 a - a +0 hand axe (weapon)
Armour
 b - a +0 animal skin
 n - a +0 ring mail (worn)
 p - a +1 cloak of magic resistance (worn)
Wands
 q - a wand of random effects (18)
Scrolls
 e - a scroll of enchant weapon {unknown}
 g - 2 scrolls of remove curse {unknown}
 h - 2 scrolls of random uselessness {unknown}
 j - 2 scrolls of immolation {unknown}
 k - a scroll of noise {unknown}
 l - 3 scrolls of teleportation {unknown}
 m - a scroll of magic mapping {unknown}
Potions
 d - a potion of degeneration {unknown}
 f - a potion of haste {unknown}
 i - 2 potions of curing {unknown}
 o - 4 potions of heal wounds {unknown}
 s - a potion of might {unknown}
Comestibles
 c - 3 rations
 r - 7 chunks of flesh


   Skills:
 + Level 5.6 Fighting
 + Level 7.0 Axes
 + Level 3.6 Armour
 + Level 3.2 Dodging
 + Level 1.1 Stealth


You had 5 spell levels left.
You didn't know any spells.
Your spell library was empty.

Dungeon Overview and Level Annotations

Branches:
Dungeon (3/15)

Altars:

Annotations:
D:3 3 runed translucent doors, Granthy's ghost, amateur MiBe


Innate Abilities, Weirdness & Mutations

You reflexively headbutt those who attack you in melee.
You have a pair of horns on your head.


Message History

The gnoll is heavily wounded.
You hit the adder. The gnoll closely misses you. The adder bites you.
* * * LOW HITPOINT WARNING * * *
The gnoll completely misses you.
Unknown command.
You hit the gnoll.
You kill the gnoll!
Trog accepts your kill.
Your Axes skill increases to level 7!
You closely miss the adder.
You feel sick. The gnoll hits you but does no damage.
Unknown command.
You miss the adder. Your headbutt misses the adder.
The adder is heavily wounded.
You feel sick. The adder bites you.
* * * LOW HITPOINT WARNING * * *
You are more poisoned.
The adder poisons you!
The gnoll hits you from afar with a +0 halberd!
You die...

#...........
#...........
....#......
#.#.......
###........
#.....gg#.###.
#...S)........
#....@#.......
#.....#...... .
####)....# ##+##.
#.....# #.........
###.....###..##.#..#
#.............##....
......#........##...
##........)....##..
#...........#.##.#


You could see 2 gnolls and an adder.

Vanquished Creatures
  Sigmund (D:2)
  2 orc priests (D:3)
  Crazy Yiuf (D:2)
  Ijyb (D:3)
  An orc wizard (D:3)
  2 gnolls (D:3)
  6 adders
  An ooze (D:2)
  A worm (D:2)
  A dart slug (D:1)
  4 leopard geckos
  8 orcs (D:3)
  A giant cockroach (D:1)
  5 goblins
  8 hobgoblins
  7 jackals
  12 kobolds
  A ball python (D:1)
  9 bats
  9 frilled lizards
  8 rats
89 creatures vanquished.

Notes
Turn   | Place    | Note
-------+----------+-------------------------------------------
     0 | D:1      | Erymatos the Minotaur Berserker began the quest for the
                  | Orb.
     0 | D:1      | Reached XP level 1. HP: 19/19 MP: 0/0
   210 | D:1      | Reached skill level 4 in Axes
   328 | D:1      | Reached XP level 2. HP: 27/27 MP: 1/1
   757 | D:1      | Reached ** piety under Trog
   848 | D:1      | Reached XP level 3. HP: 25/33 MP: 2/2
  1812 | D:2      | Reached XP level 4. HP: 34/41 MP: 3/3
  2007 | D:2      | Noticed Sigmund
  2024 | D:2      | Killed Sigmund
  2024 | D:2      | Reached skill level 5 in Fighting
  2024 | D:2      | Reached skill level 6 in Axes
  2024 | D:2      | Reached XP level 5. HP: 42/48 MP: 4/4
  2069 | D:2      | Reached skill level 1 in Stealth
  2233 | D:2      | Found a runed translucent door.
  2234 | D:2      | Noticed Crazy Yiuf
  2450 | D:2      | Killed Crazy Yiuf
  2450 | D:2      | Reached XP level 6. HP: 49/56 MP: 5/5
  2588 | D:3      | Found a runed translucent gate.
  2589 | D:3      | Found a runed translucent gate.
  2589 | D:3      | Found a runed translucent gate.
  2595 | D:3      | Noticed Ijyb
  2607 | D:3      | Killed Ijyb
  2732 | D:3      | Noticed Granthy's ghost (amateur MiBe)
  2763 | D:3      | Reached *** piety under Trog
  3057 | D:3      | Reached skill level 7 in Axes
  3058 | D:3      | Slain by a gnoll

Illustrated notes

Levels and vault maps discovered:
D:1:      dpeg_chamrin_arrival_tetris, layout_loops_corners
D:2:      layout_loops_corners, uniq_sigmund, uniq_crazy_yiuf_cottage
D:3:      layout_basic, ebering_ghost_rock_garden, uniq_ijyb

Skill      XL: |  1  2  3  4  5  6 |
---------------+-------------------+-----
Axes           | 4 6 7 |  7.0
Fighting       | 4 5 |  5.6
Stealth        | 1 |  1.1
Armour         | 3 |  3.6
Dodging        | 3 |  3.2

Action                   |  1- 3 |  4- 6 || total
-------------------------+-------+-------++-------
Melee: Hand axe          |   103 |    98 ||   201
       Headbutt          |     8 |    15 ||    23
Invok: Berserk           |     1 |     4 ||     5
 Stab: Sleeping          |     1 |       ||     1
  Eat: Chunk             |     4 |     3 ||     7
       Ration            |       |     1 ||     1
Armor: Animal skin       |     9 |       ||     9
       Ring mail         |     4 |    38 ||    42
Dodge: Dodged            |    73 |    69 ||   142
